 Dungeon Crawl Stone Soup version 0.23.0 (webtiles) character file.

Game seed: 4766352584894860208

29922 Kairos the Cleaver (level 13, -3/68 HPs)
             Began as a Vine Stalker Fighter on Feb 15, 2019.
             Was a High Priest of Kikubaaqudgha.
             Slain by a 14-headed hydra (4 damage)
             ... on level 4 of the Lair of Beasts.
             The game lasted 00:20:48 (11390 turns).

Kairos the Cleaver (Vine Stalker Fighter)          Turns: 11390, Time: 00:20:49

Health: -3/68      AC: 30    Str: 23    XL:     13   Next: 48%
Magic:  0/34       EV:  8    Int:  8    God:    Kikubaaqudgha [*****.]
Gold:   463        SH: 12    Dex: 15    Spells: 27/27 levels left

rFire    + . .     SeeInvis .   w - +1 whip (elec)
rCold    + . .     Gourm    .   c - +0 shield
rNeg     . . .     Faith    .   x - +3 gold dragon scales
rPois    +         Spirit   +   D - +2 hat
rElec    .         Reflect  .   U - +2 cloak
rCorr    .         Harm     .   t - +2 pair of gloves
MR       +....                  s - +1 pair of boots
Stlth    ..........             (no amulet)
HPRegen  1.01/turn              v - ring of magical power
MPRegen  0.24/turn              E - +5 ring of evasion

@: no status effects
A: fangs 3, regeneration 2, magic shield, antimagic bite, no potion heal 3, rot
immunity
a: Receive Corpses, Torment, Renounce Religion


You were on level 4 of the Lair of Beasts.
You worshipped Kikubaaqudgha.
Kikubaaqudgha was extremely pleased with you.
You were not hungry.

You visited 2 branches of the dungeon, and saw 14 of its levels.

You collected 992 gold pieces.
You spent 529 gold pieces at shops.

Inventory:

Hand Weapons
 w - a +1 whip of electrocution (weapon)
 z - a +6 war axe of electrocution
 P - a +4 broad axe of electrocution
Missiles
 o - 2 throwing nets (quivered)
 Q - 4 javelins
Armour
 c - a +0 shield (worn)
 s - a +1 pair of boots (worn)
 t - a +2 pair of gloves (worn)
 x - +3 gold dragon scales (worn)
 y - a scarf of repulsion
 B - a scarf of cloud immunity
 D - a +2 hat (worn)
 U - a +2 cloak (worn)
Jewellery
 v - a ring of magical power (left hand)
 E - a +5 ring of evasion (right hand)
 W - an uncursed ring of fire {unknown}
Wands
 d - a wand of polymorph (8)
 J - a wand of flame (39)
 S - a wand of paralysis (4)
Scrolls
 a - a scroll of blinking {unknown}
 e - 5 scrolls of teleportation
 k - 5 scrolls of identify
 l - 5 scrolls of fear
 m - 4 scrolls of noise
 p - 7 scrolls of magic mapping
 r - 2 scrolls of amnesia
 C - a scroll of random uselessness
 G - a scroll of summoning
 L - a scroll of enchant weapon {unknown}
 M - 2 scrolls of enchant armour
 N - 2 scrolls of fog {unknown}
 O - a scroll of holy word {unknown}
 R - a scroll of vulnerability {unknown}
 T - a scroll of torment {unknown}
 V - a scroll of acquirement {unknown}
Potions
 b - 2 potions of ambrosia {unknown}
 g - 3 potions of lignification {unknown}
 h - a potion of invisibility {unknown}
 i - 2 potions of degeneration {unknown}
 j - 6 potions of curing {unknown}
 n - 4 potions of haste {unknown}
 q - 3 potions of cancellation {unknown}
 u - a potion of mutation {unknown}
 A - a potion of heal wounds {unknown}
 F - 2 potions of brilliance {unknown}
 I - a potion of resistance {unknown}
 K - 3 potions of berserk rage {unknown}
Comestibles
 f - 18 rations
 H - a chunk of flesh


   Skills:
 + Level 7.7 Fighting
 + Level 11.9(12.0) Axes
 + Level 2.0(8.0) Maces & Flails
 + Level 8.3 Armour
 + Level 1.3 Dodging
 + Level 0.4 Stealth
 + Level 8.6 Shields
 * Level 7.8 Spellcasting
 * Level 7.1 Necromancy


You had 27 spell levels left.
You didn't know any spells.
Your spell library contained the following spells:

 Spells                   Type           Power        Failure   Level  Hunger
 Animate Skeleton         Necr           N/A          87%         1    None
 Pain                     Necr           ##..         87%         1    None
 Sublimation of Blood     Necr           ##........   95%         2    ##.....
 Vampiric Draining        Necr           ##........   99%         3    ###....
 Corona                   Hex            #......      100%        1    None
 Freeze                   Ice            #...         100%        1    None
 Shock                    Conj/Air       #...         100%        1    None
 Sting                    Conj/Pois      #...         100%        1    None
 Ensorcelled Hibernation  Hex/Ice        #.....       100%        2    ##.....
 Poisonous Vapours        Pois/Air       #.....       100%        2    ##.....
 Swiftness                Chrm/Air       #.......     100%        2    ##.....
 Throw Frost              Conj/Ice       #.....       100%        2    ##.....
 Confuse                  Hex            #.......     100%        3    ###....
 Dazzling Spray           Conj/Hex       #.....       100%        3    ###....
 Mephitic Cloud           Conj/Pois/Air  #.......     100%        3    ###....
 Ozocubu's Armour         Chrm/Ice       #.......     100%        3    ###....
 Static Discharge         Conj/Air       #.......     100%        3    ###....
 Tukima's Dance           Hex            #.......     100%        3    ###....
 Airstrike                Air            #.........   100%        4    ####...
 Animate Dead             Necr           N/A          100%        4    ####...
 Cause Fear               Hex            #.........   100%        4    ####...
 Olgreb's Toxic Radiance  Pois           #.......     100%        4    ####...
 Summon Ice Beast         Ice/Summ       #.......     100%        4    ####...
 Throw Icicle             Conj/Ice       #.......     100%        4    ####...
 Agony                    Necr           ##......     100%        5    ######.
 Borgnjor's Vile Clutch   Necr/Erth      #.........   100%        5    ######.
 Dispel Undead            Necr           ##......     100%        5    ######.
 Excruciating Wounds      Chrm/Necr      #.........   100%        5    ######.
 Lightning Bolt           Conj/Air       #.........   100%        5    ######.
 Silence                  Hex/Air        #.........   100%        5    ######.
 Venom Bolt               Conj/Pois      #.........   100%        5    ######.
 Yara's Violent Unravell  Hex/Tmut       #.........   100%        5    ######.
 Deflect Missiles         Chrm/Air       #.........   100%        6    #######
 Discord                  Hex            #.........   100%        8    #######


Dungeon Overview and Level Annotations

Branches:
Dungeon (10/15)            Temple (0/1) D:7            Lair (4/6) D:9
 Shoals (0/4) Lair:2       Spider (0/4) Lair:4
    Orc: D:9-12

Altars:
Elyvilon
Fedhas
Gozag
Kikubaaqudgha
Vehumet
Xom
The Shining One

Shops:
D:5 [   D:8 (

Annotations:
Lair:3 exclusion: oklob plant


Innate Abilities, Weirdness & Mutations

You have razor-sharp teeth.
You heal very quickly.
When hurt, damage is shared between your health and your magic reserves.
Your bite disrupts and absorbs the magic of your enemies.
Potions cannot restore your health.
You are immune to rotting.


Message History

* * * LOW HITPOINT WARNING * * *
The 14-headed hydra closely misses you. x2
The 14-headed hydra bites you but does no damage.
A yak comes into view.
The yak bellows!
You hit the 14-headed hydra.
Lightning courses through the 14-headed hydra!
You bite the 14-headed hydra! You drain its power.
You feel invigorated.
The 14-headed hydra is almost dead.
You block the wolf's attack. The wolf bites you but does no damage.
You block the wolf's attack.
The 14-headed hydra bites you but does no damage.
The 14-headed hydra bites you.
* * * LOW HITPOINT WARNING * * *
The 14-headed hydra bites you but does no damage.
The 14-headed hydra bites you.
* * * LOW HITPOINT WARNING * * *
The 14-headed hydra bites you!
You die...
Kikubaaqudgha rasps: "You have failed me!
Welcome... death!"

########....#########
######## # ######b...P#
##
###...#.....#########.##
........................
........................
......................Y.
.......................Y
..#.#..#P..#.....DP..Y.P
. ##.#####......@h....PP
..............†h......
.......................
.>.....................
.................%...
#.#..#####.##.##..... #
### ###### ##... ...


You could see a 14-headed hydra, 3 yaks and 2 wolves.

Vanquished Creatures
  4 hydras
  2 two-headed ogres (D:9)
  7 death yaks
  Urug (Lair:2)
  Nergalle (Lair:2)
  Pikel (D:4)
  3 black mambas
  4 elephants (Lair:3)
  A torpor snail (Lair:4)
  5 spiny frogs
  A rime drake (Lair:2)
  5 komodo dragons
  A troll (D:9)
  A polar bear (Lair:4)
  4 jumping spiders (Lair:4)
  4 hippogriffs
  Prince Ribbit (D:5)
  4 blink frogs (Lair:2)
  A redback (Lair:4)
  2 basilisks
  23 yaks
  Grum (D:9)
  A steam dragon (D:9)
  2 hungry ghosts
  Menkaure (D:6)
  10 water moccasins
  14 porcupines
  An ice beast (D:9)
  4 orc warriors
  A black bear (Lair:4)
  A slave (D:4)
  5 phantoms
  3 wolves
  4 ogres
  A centaur (D:9)
  5 crocodiles
  4 big kobolds
  9 bullfrogs
  3 scorpions
  5 killer bees
  An electric eel (Lair:4)
  8 crimson imps
  2 bullfrog zombies
  2 orc priests
  6 hounds
  A bullfrog skeleton (D:5)
  6 orc wizards
  Jessica (D:2)
  Natasha (thrice) (D:2)
  5 iguanas
  7 worker ants
  A hound skeleton (D:9)
  Robin (D:2)
  3 gnolls (D:9)
  11 adders
  A shadow imp (D:8)
  2 oozes
  An adder skeleton (D:4)
  4 worms
  2 dart slugs
  10 leopard geckos
  31 orcs
  3 ball pythons
  5 giant cockroaches
  10 hobgoblins
  9 jackals
  32 kobolds
  2 quokkas
  5 bats
  3 frilled lizards
  15 goblins
  A quokka skeleton (D:6)
  9 rats
  A plant (Lair:4)
355 creatures vanquished.

Vanquished Creatures (others)
  An orc (D:4)
1 creature vanquished.

Grand Total: 356 creatures vanquished

Notes
Turn   | Place    | Note
-------+----------+-------------------------------------------
     0 | D:1      | Kairos the Vine Stalker Fighter began the quest for the
                  | Orb.
     0 | D:1      | Reached XP level 1. HP: 11/11 MP: 2/2
   127 | D:1      | Reached XP level 2. HP: 14/16 MP: 3/3
   136 | D:1      | Reached skill level 2 in Axes
   300 | D:1      | Reached XP level 3. HP: 17/20 MP: 4/4
   824 | D:2      | Gained mutation: Your natural rate of healing is unusually
                  | fast. [Vine Stalker growth]
   824 | D:2      | Reached XP level 4. HP: 13/24 MP: 3/5
   849 | D:2      | Noticed Robin
   867 | D:2      | Killed Robin
   913 | D:2      | Noticed Natasha
   927 | D:2      | Killed Natasha
   947 | D:2      | Reached XP level 5. HP: 24/28 MP: 6/6
  1159 | D:2      | Found a shimmering altar of Xom.
  1159 | D:2      | Found an ancient bone altar of Kikubaaqudgha.
  1159 | D:2      | Noticed Jessica
  1160 | D:2      | Found a white marble altar of Elyvilon.
  1162 | D:2      | Killed Jessica
  1162 | D:2      | Reached skill level 3 in Axes
  1290 | D:2      | Noticed Natasha
  1321 | D:2      | Killed Natasha
  1397 | D:2      | Noticed Natasha
  1410 | D:2      | Killed Natasha
  1562 | D:2      | Became a worshipper of Kikubaaqudgha
  1684 | D:3      | Reached XP level 6. HP: 32/32 MP: 4/7
  1775 | D:3      | Reached skill level 4 in Axes
  1775 | D:3      | Reached skill level 1 in Dodging
  1851 | D:3      | Reached * piety under Kikubaaqudgha
  1851 | D:3      | Identified Kikubaaqudgha's Compendium of Necromancy
                  | (Kikubaaqudgha gifted it to you on level 3 of the Dungeon)
  1851 | D:3      | Received a gift from Kikubaaqudgha
  1898 | D:3      | Found a radiant altar of Vehumet.
  2459 | D:4      | Reached XP level 7. HP: 37/37 MP: 6/8
  2566 | D:4      | Noticed Pikel
  2584 | D:4      | Killed Pikel
  2584 | D:4      | Reached skill level 5 in Axes
  2584 | D:4      | Gained mutation: You have razor-sharp teeth. [Vine Stalker
                  | growth]
  2584 | D:4      | Reached XP level 8. HP: 22/42 MP: 9/9
  2671 | D:4      | Found a glowing golden altar of the Shining One.
  3320 | D:5      | Entered Level 5 of the Dungeon
  3363 | D:5      | Reached skill level 6 in Axes
  3484 | D:5      | Found an opulent altar of Gozag.
  3579 | D:5      | Found Nebant's Armour Boutique.
  3606 | D:5      | Noticed Prince Ribbit
  3741 | D:5      | HP: 1/42 [Prince Ribbit (5)]
  3744 | D:5      | Killed Prince Ribbit
  3744 | D:5      | Reached skill level 5 in Armour
  3767 | D:5      | Reached ** piety under Kikubaaqudgha
  3767 | D:5      | Reached XP level 9. HP: 17/46 MP: 4/10
  4111 | D:5      | Reached skill level 5 in Shields
  4220 | D:6      | Noticed Menkaure
  4228 | D:6      | Reached skill level 7 in Axes
  4230 | D:6      | Killed Menkaure
  4804 | D:6      | Reached skill level 5 in Fighting
  4932 | D:6      | You fall through a shaft for 2 floors!
  5334 | D:7      | Found a staircase to the Ecumenical Temple.
  5376 | D:7      | Reached *** piety under Kikubaaqudgha
  5376 | D:7      | Identified Kikubaaqudgha's Guide on Necromancy
                  | (Kikubaaqudgha gifted it to you on level 7 of the Dungeon)
  5376 | D:7      | Received a gift from Kikubaaqudgha
  6382 | D:8      | Reached skill level 1 in Spellcasting
  6446 | D:8      | Reached skill level 8 in Axes
  6509 | D:8      | Reached skill level 1 in Necromancy
  6632 | D:8      | Reached XP level 10. HP: 51/51 MP: 13/13
  6635 | D:8      | Found Quutu's Weapon Shop.
  6640 | D:8      | Found a radiant altar of Vehumet.
  7199 | D:9      | Reached **** piety under Kikubaaqudgha
  7281 | D:9      | Noticed a death yak
  7281 | D:9      | Noticed Grum
  7282 | D:9      | Noticed a death yak
  7282 | D:9      | Noticed a death yak
  7282 | D:9      | Noticed a death yak
  7282 | D:9      | Noticed a death yak
  7284 | D:9      | Noticed a death yak
  7287 | D:9      | Noticed a death yak
  7294 | D:9      | Killed a death yak
  7300 | D:9      | Killed a death yak
  7305 | D:9      | Killed a death yak
  7305 | D:9      | Reached skill level 9 in Axes
  7328 | D:8      | Killed a death yak
  7399 | D:9      | Reached XP level 11. HP: 23/56 MP: 14/18
  7456 | D:8      | Bought a +6 war axe of electrocution for 529 gold pieces
  7487 | D:9      | Noticed a two-headed ogre
  7494 | D:9      | Killed a two-headed ogre
  7530 | D:9      | Noticed a two-headed ogre
  7536 | D:9      | Killed a two-headed ogre
  7616 | D:9      | Killed Grum
  7619 | D:9      | Found a staircase to the Lair.
  7692 | D:9      | Reached skill level 10 in Axes
  7716 | D:9      | Killed a death yak
  7716 | D:9      | Reached skill level 5 in Spellcasting
  7725 | D:9      | Killed a death yak
  7732 | D:9      | Killed a death yak
  7803 | D:9      | Reached ***** piety under Kikubaaqudgha
  7856 | D:9      | Found a blossoming altar of Fedhas.
  7948 | D:10     | Entered Level 10 of the Dungeon
  8025 | Lair:1   | Entered Level 1 of the Lair of Beasts
  8101 | Lair:1   | Noticed a seven-headed hydra
  8110 | Lair:1   | Noticed a six-headed hydra
  8155 | D:9      | Killed a six-headed hydra
  8155 | D:9      | Reached skill level 5 in Necromancy
  8404 | Lair:1   | Killed a seven-headed hydra
  8458 | Lair:1   | Gained mutation: You heal very quickly. [Vine Stalker
                  | growth]
  8458 | Lair:1   | Reached XP level 12. HP: 39/62 MP: 21/21
  8490 | Lair:1   | Noticed a six-headed hydra
  8507 | Lair:1   | Killed a six-headed hydra
  8507 | Lair:1   | Reached skill level 1 in Maces & Flails
  9234 | Lair:2   | Noticed Urug
  9244 | Lair:2   | Killed Urug
  9297 | Lair:2   | Found a staircase to the Shoals.
  9392 | Lair:2   | Noticed Nergalle
  9410 | Lair:2   | Killed Nergalle
  9410 | Lair:2   | Reached skill level 11 in Axes
 10025 | Lair:3   | Noticed a five-headed hydra
 10035 | Lair:3   | Killed a six-headed hydra
 10120 | Lair:3   | Reached XP level 13. HP: 63/67 MP: 24/24
 10801 | Lair:4   | Got a polished great mace
 10807 | Lair:4   | Identified the cursed +1 great mace of the Battered Suns
                  | {antimagic, +Fly rC+ MR- Dex+3} (You found it on level 4 of
                  | the Lair of Beasts)
 10863 | Lair:4   | Found a hole to the Spider Nest.
 11389 | Lair:4   | HP: 3/68 [14-headed hydra (6)]
 11390 | Lair:4   | HP: 1/68 [14-headed hydra (1)]
 11390 | Lair:4   | Slain by a 14-headed hydra

Skill      XL: |  1  2  3  4  5  6  7  8  9 10 11 12 13 |
---------------+----------------------------------------+-----
Axes           | 2 3 4 5 6 8 9 10 11 | 11.9
Fighting       | 3 4 5 6 7 |  7.7
Shields        | 3 4 5 6 7 8 |  8.6
Armour         | 3 4 5 6 7 8 |  8.3
Dodging        | 1 |  1.3
Spellcasting   | 1 4 5 7 |  7.8
Necromancy     | 1 3 5 6 7 |  7.1
Maces & Flails | 1 2 |  2.0
Stealth        | |  0.4

Action                   |  1- 3 |  4- 6 |  7- 9 | 10-12 | 13-15 || total
-------------------------+-------+-------+-------+-------+-------++-------
Melee: War axe           |    60 |   158 |   369 |   346 |    42 ||   975
       Bite              |    14 |    48 |   111 |   149 |    51 ||   373
       Whip              |       |       |       |    34 |     2 ||    36
       Broad axe         |       |       |       |    61 |    88 ||   149
Invok: Receive Corpses   |       |     1 |       |       |       ||     1
       Torment           |       |       |       |       |     1 ||     1
  Use: Scroll            |     3 |       |       |    10 |     1 ||    14
       Potion            |       |       |     1 |     2 |       ||     3
  Eat: Chunk             |       |     5 |    12 |     3 |     5 ||    25
       Ration            |       |       |     4 |     2 |       ||     6
Armor: Scale mail        |    18 |    75 |    18 |       |       ||   111
       Gold dragon scale |       |       |   196 |   345 |   179 ||   720
Dodge: Dodged            |    14 |    59 |    38 |   104 |    75 ||   290
       Deflected         |       |       |     1 |     2 |       ||     3
Block: Shield            |    31 |    86 |   185 |   274 |   121 ||   697
